Map: Orbital Shipyard

Players

capac

  • Race: Terran Terran
  • League: Gold

EightyEight - Winner!

  • Race: Terran Terran
  • League: Platinum

VOD

Have the link to the VOD?

Description

Time

  • Played on: March 10, 2016, 2:57 p.m.
  • Length: 15:00
Show
View Real Time Build Order
Export as new Build Order

capac Terran 

Build Orders:  

Get SALT Encoding   

  12  0:00  SCV  
  13  0:12  SCV  
  14  0:17  Supply Depot  
  14  0:25  SCV  
  15  0:39  SCV  
  15  0:41  Barracks  
  16  0:46  Refinery  
  16  0:51  SCV  
  17  1:03  SCV  
  18  1:15  SCV  
  19  1:27  SCV  
  19  1:30  Barracks Reactor  
  20  1:36  Command Center  
  21  1:40  SCV  
  21  1:45  Supply Depot  
  21  1:55  Orbital Command  
  21  2:11  Factory, Marine  
  21  2:12  Marine  
  23  2:25  SCV  
  24  2:31  Marine x2  
  26  2:37  SCV  
  26  2:43  Refinery  
  27  2:49  Marine x2, Orbital Command  
  29  2:53  SCV  
  29  2:56  Factory Tech Lab  
  30  3:03  Starport  
  30  3:07  SCV  
  30  3:08  Marine  
  30  3:11  Marine  
  33  3:28  Siege Tank  
  33  3:32  SCV  
  33  3:33  SCV  
  38  3:36  Marine  
  38  3:37  Marine  
  40  3:45  Supply Depot  
  40  3:47  Medivac  
  42  3:48  SCV  
  42  3:49  SCV  
  42  3:55  Engineering Bay  
  44  4:01  SCV x2  
  46  4:09  Supply Depot  
  46  4:11  Siege Tank  
  46  4:12  Marine x2  
  46  4:13  SCV x2  
  53  4:22  Starport Reactor  
  53  4:33  Marine x2, Missile Turret, SCV x2  
  57  4:40  Missile Turret  
  57  4:41  Supply Depot  
  57  4:45  SCV x2  
  59  4:47  Siege Tank  
  62  4:53  Refinery  
  62  4:55  Refinery  
  62  5:02  Marine x2  
  62  5:03  SCV x2  
  62  5:04  Supply Depot  
  62  5:05  Medivac  
  68  5:14  Missile Turret  
  68  5:16  SCV x2  
  70  5:27  Command Center  
  70  5:28  Supply Depot  
  70  5:29  Marine, SCV x2  
  70  5:30  Marine  
  74  5:41  SCV  
  74  5:42  SCV  
  76  5:46  Missile Turret  
  76  5:52  Marine  
  76  5:53  Supply Depot, Siege Tank  
  76  5:54  Medivac x2  
  85  6:11  SCV x2  
  85  6:13  Missile Turret  
  85  6:15  Supply Depot  
  86  6:26  Starport, Barracks  
  86  6:28  Barracks  
  86  6:29  SCV  
  86  6:30  SCV  
  86  6:31  Viking x2  
  92  6:37  Supply Depot  
  92  6:38  Missile Turret  
  92  6:47  Marine  
  92  6:48  Marine  
  94  7:06  Starport Reactor  
  94  7:09  Supply Depot  
  94  7:10  Starport  
  94  7:21  Viking x2  
  98  7:33  Barracks Reactor x2  
  98  7:42  Supply Depot  
  98  7:43  Armory  
  98  7:47  Starport Reactor  
  98  7:51  Missile Turret  
  98  7:53  Viking x3  
  98  7:54  Viking  
  98  7:58  SCV x2  
  108  8:02  Orbital Command  
  108  8:11  Command Center  
  108  8:15  Siege Tank  
  111  8:20  SCV x2  
  113  8:29  Viking  
  113  8:30  Viking x4  
  113  8:31  Viking  
  113  8:33  Missile Turret  
  125  8:37  Terran Ship Weapons Level 1  
  125  8:41  Refinery  
  125  8:44  SCV x2  
  125  8:45  SCV  
  125  8:46  Marine  
  129  8:50  Refinery  
  129  8:54  Missile Turret  
  129  8:56  SCV  
  129  8:57  SCV  
  129  8:58  SCV  
  129  9:01  Viking x3  
  138  9:15  SCV x2  
  140  9:22  Medivac x2  
  140  9:23  Supply Depot  
  144  9:33  SCV x2  
  144  9:37  Viking  
  144  9:38  Viking  
  150  9:39  Medivac  
  152  9:54  Marine x5  
  157  10:02  Siege Tank  
  160  10:23  Marine  
  160  10:24  Marine x4  
  165  10:31  Supply Depot  
  165  10:34  Siege Tank  
  168  10:36  Barracks  
  168  10:38  Medivac x2  
  172  10:48  Terran Ship Weapons Level 2  
  172  10:53  Marine x5, Medivac  
  172  10:55  Supply Depot  
  179  11:02  Marine  
  180  11:08  Medivac x3  
  180  11:10  Marine x2  
  188  11:16  Marine x2  
  190  11:25  Marine x2  
  192  11:58  Liberator  
  192  12:05  Siege Tank  
  198  12:15  Planetary Fortress  
  198  12:25  Barracks Tech Lab  
  198  12:30  Hi-Sec Auto Tracking  
  198  12:49  Liberator x3  
  198  12:50  Factory, Liberator x2  
  122  13:29  Viking  
  122  13:32  Marine x6  
  105  13:34  Factory Tech Lab  
  97  13:44  Starport  
  97  13:47  Starport  
  91  13:49  Viking x3  
  91  13:50  Viking x2  
  93  13:57  Thor x2  
  93  13:59  Viking  
  100  14:19  Viking x3  
  100  14:20  Viking x2  
  103  14:29  Viking  
Show
View Real Time Build Order
Export as new Build Order

EightyEight Terran - Winner!

Build Orders:  

Get SALT Encoding   

  12  0:01  SCV  
  13  0:13  SCV  
  14  0:19  Supply Depot  
  14  0:25  SCV  
  15  0:41  SCV  
  15  0:42  Barracks  
  16  0:53  SCV  
  16  0:56  Barracks  
  17  1:05  SCV  
  17  1:06  Supply Depot  
  18  1:11  Refinery  
  18  1:17  SCV  
  19  1:22  Refinery  
  19  1:29  SCV  
  20  1:35  Marine  
  21  1:41  Orbital Command  
  21  1:44  Marine  
  22  1:54  Marine  
  23  2:03  Marine  
  23  2:07  SCV  
  25  2:12  Marine  
  26  2:23  Marine  
  27  2:31  SCV, Command Center  
  27  2:34  Marine  
  29  2:41  Marine  
  30  2:47  Engineering Bay  
  30  2:51  SCV  
  31  2:59  Supply Depot  
  31  3:07  Factory  
  31  3:20  Marine x2, SCV  
  31  3:21  Missile Turret  
  34  3:28  Supply Depot  
  34  3:33  SCV  
  35  3:41  Marine  
  35  3:42  Marine  
  37  3:50  Orbital Command  
  37  3:53  SCV  
  38  4:05  Starport  
  38  4:07  Factory Tech Lab  
  38  4:11  SCV  
  39  4:20  Barracks Tech Lab  
  39  4:21  SCV  
  39  4:23  SCV  
  39  4:24  Barracks Reactor  
  41  4:30  Siege Tank  
  44  4:34  SCV  
  44  4:36  SCV  
  46  4:40  Starport Tech Lab  
  46  4:47  Fusion Core, SCV  
  46  4:48  SCV  
  46  4:52  Refinery  
  48  4:54  Refinery  
  48  4:57  Marine  
  48  4:59  SCV  
  50  5:00  SCV  
  50  5:05  Siege Tank  
  54  5:10  Supply Depot  
  54  5:11  SCV  
  55  5:17  SCV  
  56  5:23  SCV  
  57  5:30  SCV  
  57  5:33  Battlecruiser  
  64  5:36  Starport, SCV  
  64  5:42  SCV  
  66  5:45  Marine x3  
  66  5:48  SCV  
  70  5:53  Supply Depot  
  70  5:56  Supply Depot  
  70  6:12  Starport Tech Lab  
  70  6:15  Siege Tank, SCV x2  
  75  6:27  SCV x2  
  75  6:31  Battlecruiser  
  83  6:35  Supply Depot  
  83  6:54  Command Center  
  83  6:56  SCV x2  
  83  6:57  Battlecruiser  
  91  7:08  Missile Turret, SCV  
  92  7:29  Missile Turret  
  92  7:30  Bunker  
  92  7:31  Bunker  
  92  7:32  SCV  
  92  7:33  SCV  
  94  7:45  Missile Turret  
  94  7:50  Missile Turret  
  94  7:58  Supply Depot  
  94  8:06  Battlecruiser x2, Siege Tank, Missile Turret  
  109  8:19  Refinery, SCV x2  
  111  8:21  Refinery  
  111  8:24  Orbital Command  
  111  8:25  Sensor Tower  
  111  8:26  Missile Turret  
  111  8:31  SCV  
  112  8:34  Armory  
  112  8:36  SCV  
  112  8:40  Marine  
  112  8:41  Marine x2  
  116  8:43  SCV  
  116  8:46  Armory  
  117  9:00  Supply Depot  
  117  9:07  Supply Depot  
  117  9:08  Sensor Tower  
  117  9:22  Battlecruiser, SCV x2  
  125  9:29  Battlecruiser, Marine, SCV  
  133  9:31  Terran Ship Weapons Level 1  
  133  9:33  Supply Depot  
  133  9:35  Supply Depot, Terran Vehicle And Ship Armor Level 1  
  133  9:46  Combat Shields  
  133  9:49  Terran Infantry Weapons Level 1  
  133  9:54  Marine  
  133  9:55  Marine, Siege Tank, SCV x3, Command Center  
  133  9:56  Marine  
  142  10:05  Starport  
  142  10:07  SCV x3  
  142  10:12  Marine x2  
  142  10:14  Marine  
  147  10:19  SCV  
  149  10:28  Supply Depot  
  149  10:29  Supply Depot  
  149  10:42  Starport Tech Lab  
  149  10:44  Starport  
  149  10:49  Marine x3  
  152  10:50  SCV x3  
  152  10:51  Battlecruiser  
  152  10:52  Supply Depot  
  161  11:02  SCV  
  161  11:03  Siege Tank  
  165  11:07  Marine, Battlecruiser x2  
  165  11:08  Supply Depot  
  178  11:18  Command Center  
  178  11:22  Starport Tech Lab  
  178  11:23  Marine x2  
  178  11:25  Marine  
  181  11:32  Terran Ship Weapons Level 2  
  181  11:41  Marine  
  181  11:42  Orbital Command  
  182  11:50  Battlecruiser  
  188  11:55  Battlecruiser  
  188  11:57  Refinery  
  188  11:59  Weapon Refit  
  194  12:03  Refinery  
  194  12:27  Terran Vehicle And Ship Armor Level 2  
  194  12:30  Battlecruiser  
  194  12:33  Barracks  
  194  12:35  Barracks  
  194  12:36  Stimpack  
  200  12:38  Barracks  
  200  12:56  Starport  
  178  13:20  Battlecruiser  
  178  13:21  Battlecruiser x2  
  178  13:25  Marine x3  
  167  13:42  Marine  
  167  13:43  Marine x2  
  170  14:00  Marine  
Tags
 
Add a new tag
Caveats
  • Supply blocks, unpowered buildings, or Contaminate may cause inaccurate times.
  • Supply counts are checked every 10 seconds.